[ AOE2 MATCH · #481260167 ]
Team RMTeutons vs Britons
[ REPLAY ANALYSIS · EXTRACTED FROM THE RECORDED GAME ]
Feudal
—
Castle
—
Imperial
—
| APM avg | 30.9 |
| APM peak | 72 |
| eAPM avg | 10.4 |
| Villagers / military | 6 / 0 |
Focus
⚔️ 16.7% · 🌾 83.3%
Feudal
—
Castle
—
Imperial
—
| APM avg | 26.6 |
| APM peak | 49 |
| eAPM avg | 12.7 |
| Villagers / military | 9 / 0 |
Focus
⚔️ 7.1% · 🌾 92.9%
Feudal
—
Castle
—
Imperial
—
| APM avg | 42.5 |
| APM peak | 52 |
| eAPM avg | 14.6 |
| Villagers / military | 8 / 0 |
Focus
⚔️ 5.3% · 🌾 94.7%
Feudal
—
Castle
—
Imperial
—
| APM avg | 14.2 |
| APM peak | 21 |
| eAPM avg | 9.1 |
| Villagers / military | 12 / 0 |
Focus
⚔️ 17.2% · 🌾 82.8%
Feudal
—
Castle
—
Imperial
—
| APM avg | 41.2 |
| APM peak | 74 |
| eAPM avg | 12.3 |
| Villagers / military | 14 / 0 |
Focus
⚔️ 6.4% · 🌾 93.6%
Feudal
—
Castle
—
Imperial
—
| APM avg | 38.9 |
| APM peak | 42 |
| eAPM avg | 10.4 |
| Villagers / military | 8 / 0 |
Focus
⚔️ 3.7% · 🌾 96.3%
Match map
Resources at game start + every placement click. Thick line = wall · dashed box = detected house wall. 🟡 gold · ⚪ stone · 🟢 berries · 🔶 boar · ⭕ relic
Inputs per minute
— Twixxo - - dE_dAwEe Oo0oO
Build order — Twixxo
10 actions detected in the replay
| 0:02 | Create | Villager (Male) |
| 0:07 | Build | House |
| 0:34 | Research | Loom |
| 0:35 | Create | Villager (Male) |
| 0:59 | Create | Villager (Male) |
| 1:19 | Create | Villager (Male) |
| 2:29 | Create | Villager (Male) |
| 2:33 | Build | House |
| 3:12 | Build | Palisade Wall |
| 3:48 | Create | Villager (Male) |
Build order — dE_dAwEe Oo0oO
16 actions detected in the replay
| 0:02 | Create | Villager (Male) |
| 0:03 | Research | Loom |
| 0:08 | Build | House |
| 0:32 | Create | Villager (Male) |
| 0:32 | Create | Villager (Male) |
| 0:46 | Build | House |
| 0:49 | Build | House |
| 0:55 | Build | House |
| 1:33 | Create | Villager (Male) |
| 1:33 | Create | Villager (Male) |
| 2:35 | Build | Palisade Wall |
| 3:05 | Build | Palisade Wall |
| 3:17 | Create | Villager (Male) |
| 3:17 | Create | Villager (Male) |
| 3:17 | Create | Villager (Male) |
| 4:13 | Create | Villager (Male) |
Build order — INSERVIBLE
12 actions detected in the replay
| 0:03 | Research | Loom |
| 0:05 | Create | Villager (Male) |
| 0:05 | Create | Villager (Male) |
| 0:09 | Build | House |
| 0:43 | Create | Villager (Male) |
| 0:43 | Create | Villager (Male) |
| 1:30 | Build | Palisade Wall |
| 1:48 | Build | House |
| 2:40 | Create | Villager (Male) |
| 2:40 | Create | Villager (Male) |
| 4:26 | Create | Villager (Male) |
| 4:27 | Create | Villager (Male) |
Build order — lopez.miguel2908
17 actions detected in the replay
| 0:02 | Create | Villager (Male) |
| 0:02 | Create | Villager (Male) |
| 0:02 | Create | Villager (Male) |
| 0:04 | Build | House |
| 0:07 | Build | House |
| 0:08 | Create | Villager (Male) |
| 0:08 | Create | Villager (Male) |
| 1:31 | Create | Villager (Male) |
| 1:31 | Create | Villager (Male) |
| 2:09 | Create | Villager (Male) |
| 2:10 | Create | Villager (Male) |
| 2:35 | Build | Palisade Wall |
| 2:43 | Build | Building 804 |
| 3:08 | Build | Palisade Wall |
| 3:11 | Create | Villager (Male) |
| 3:18 | Create | Villager (Male) |
| 3:39 | Create | Villager (Male) |
Build order — Re9uiem
22 actions detected in the replay
| 0:03 | Create | Villager (Male) |
| 0:04 | Build | House |
| 0:05 | Build | House |
| 0:20 | Research | Loom |
| 0:20 | Create | Villager (Male) |
| 0:33 | Create | Villager (Male) |
| 0:34 | Create | Villager (Male) |
| 0:34 | Create | Villager (Male) |
| 1:10 | Build | Palisade Wall |
| 1:51 | Create | Villager (Male) |
| 1:51 | Create | Villager (Male) |
| 1:59 | Build | Palisade Wall |
| 2:29 | Build | House |
| 2:42 | Create | Villager (Male) |
| 3:01 | Build | House |
| 3:27 | Build | House |
| 3:36 | Create | Villager (Male) |
| 3:36 | Create | Villager (Male) |
| 3:59 | Create | Villager (Male) |
| 3:59 | Create | Villager (Male) |
| 4:12 | Create | Villager (Male) |
| 4:12 | Create | Villager (Male) |
Build order — KAREL
9 actions detected in the replay
| 0:08 | Create | Villager (Male) |
| 0:08 | Create | Villager (Male) |
| 0:08 | Create | Villager (Male) |
| 0:49 | Research | Loom |
| 1:08 | Create | Villager (Male) |
| 1:09 | Create | Villager (Male) |
| 3:15 | Create | Villager (Male) |
| 3:15 | Create | Villager (Male) |
| 3:16 | Create | Villager (Male) |
Match timeline
| 1:10 | Re9uiem · wall_segment Palisade Wall x5 |
| 1:30 | INSERVIBLE · wall_segment Palisade Wall x17 |
| 1:59 | Re9uiem · wall_segment Palisade Wall x1 |
| 2:35 | dE_dAwEe Oo0oO · wall_segment Palisade Wall x4 |
| 2:35 | lopez.miguel2908 · wall_segment Palisade Wall x11 |
| 3:05 | dE_dAwEe Oo0oO · wall_segment Palisade Wall x13 |
| 3:08 | lopez.miguel2908 · wall_segment Palisade Wall x3 |
| 3:12 | Twixxo · wall_segment Palisade Wall x10 |
| 4:18 | Twixxo · resign |
[ AI ANALYSIS · 1 CREDIT ]
What really happened in this match?
Wolo.gg analyzes every decision: build order, eco, micro, common mistakes by bracket. Personalized analysis on WhatsApp or Discord in 30 seconds.
Civ guide
Teutons
Map guide
Black Forest
Perfil
Twixxo